 Dungeon Crawl Stone Soup version 0.30-a0-591-g3c58d2bc28 (webtiles) character file.

Game seed: 16406293069693113632

172 MackTheKnife the Conjurer (level 5, -8/35 HPs)
             Began as a Barachi Wanderer on Jan 5, 2023.
             Killed from afar by an orc wizard (11 damage)
             ... with a puff of flame
             ... on level 3 of the Dungeon.
             The game lasted 00:05:15 (2337 turns).

MackTheKnife the Conjurer (Barachi Wanderer)        Turns: 2337, Time: 00:05:16

Health: -8/35      AC:  4    Str: 15    XL:     5   Next: 52%
Magic:  0/10       EV: 12    Int: 15    God:
Gold:   189        SH:  0    Dex: 15    Spells: 8/11 levels left

rFire   . . .      SeeInvis .    a - +0 quarterstaff {staff}
rCold   . . .      Faith    .    (shield currently unavailable)
rNeg    . . .      Spirit   +    d - +0 robe
rPois   .          Reflect  .    b - +0 helmet
rElec   .          Harm     .    (no cloak)
rCorr   .          Rampage  .    (no gloves)
Will    .....                    x - +0 pair of boots
Stlth   +                        i - amulet of guardian spirit
HPRegen 0.25/turn                e - +6 ring of strength
MPRegen 0.12/turn                (no ring)

@: unable to hop, slow
A: amphibious, slowness 1, strong legs 1, +LOS
a: Hop


You were on level 3 of the Dungeon.
You visited 1 branch of the dungeon, and saw 3 of its levels.

You collected 189 gold pieces.


Innate Abilities, Weirdness & Mutations

You are amphibious.
You cover ground slowly.
You can hop short distances.
You have an extended range of vision and can be seen from far away.


   Skills:
 - Level 3.2 Staves
 - Level 1.0 Throwing
 - Level 2.1 Dodging
 + Level 3.7 Spellcasting
 + Level 4.5 Conjurations
 - Level 1.1 Evocations


You had 8 spell levels left.
You knew the following spells:

 Your Spells              Type           Power      Damage    Failure   Level
a - Kiss of Death         Conj/Necr      36%        2d8       8%          1
b - Searing Ray           Conj           32%        2d5       4%          2

Your spell library contained the following spells:

 Spells                   Type           Power      Damage    Failure   Level
 Hailstorm                Conj/Ice       9%         3d4       22%         3
 Inner Flame              Hex/Fire       2%         N/A       50%         3
 Flame Wave               Conj/Fire      9%         2d6       58%         4
 Fulminant Prism          Conj/Hex       4%         3d5       58%         4
 Sticky Flame             Conj/Fire      9%         2d3       58%         4
 Ice Form                 Ice/Tmut       2%         N/A       88%         4
 Simulacrum               Ice/Necr       1%         N/A       100%        6

Inventory:

Hand Weapons
 a - a +0 quarterstaff (weapon) {staff}
 q - a +1 antimagic mace {mace}
   (You found it on level 2 of the Dungeon)
 v - a +0 short sword of flaming {short}
   (You took it off a kobold on level 3 of the Dungeon)
Armour
 b - a +0 helmet (worn)
 d - a +0 robe (worn)
 g - a +0 ring mail
   (You found it on level 1 of the Dungeon)
 h - a +0 ring mail
   (You found it on level 1 of the Dungeon)
 j - a +0 leather armour
   (You found it on level 1 of the Dungeon)
 m - a +0 ring mail
   (You found it on level 2 of the Dungeon)
 w - a +0 chain mail
   (You took it off an orc on level 3 of the Dungeon)
 x - a +0 pair of boots (worn)
   (You found it on level 3 of the Dungeon)
Jewellery
 e - a +6 ring of strength (left hand)
   (You found it on level 1 of the Dungeon)
 i - an amulet of guardian spirit (around neck)
   (You found it on level 1 of the Dungeon)
Scrolls
 c - 2 scrolls of blinking {!r}
 f - a scroll of noise {unknown}
 o - a scroll of magic mapping {unknown}
 p - a scroll of silence {unknown}
 r - 2 scrolls of teleportation {unknown}
 s - a scroll of vulnerability {unknown}
 t - a scroll of poison {unknown}
 u - a scroll of enchant armour {unknown}
Potions
 k - 2 potions of magic {unknown}
 l - 2 potions of flight {unknown}
 n - 2 potions of curing {unknown}

Dungeon Overview and Level Annotations

Branches:
Dungeon (3/15) Zot: 15347

Altars:

#
#..#...................#.##.#
#
#....##.....(...##.##.......#
#...............##.##.##.####
####.#####...............#
#... ##{#########.#### #.
..#####ยง#### #....# #
#<......# #.#### #......<#
#.# #......@###.###
#.............#
#.......###.#.#
#.......###.#.#
#.......##..#.#
###......#.##.# #.###.......#
#........#### #..#.....#


There were no monsters in sight!


Message History

The puff of flame hits you.
Things that are here:
a +0 hand axe {axe}; a +0 ring mail; an orc corpse ๐Ÿ˜ฎ HP[-2] MP[-1]
You take 2 damage, and now have 24/35 hp.
You lost 1 mp, and now have 1/10 mp.
You aren't carrying any items that you can evoke.
Unknown command.
Things that are here:
a +0 trident {polearm}; 3 boomerangs {throwing}; a +0 scale mail Unknown command.
Something hits you but does no damage.
Things that are here:
a +0 hand axe {axe}; a +0 ring mail; an orc corpse ๐Ÿ˜ฎ HP[+1] MP[+1]
You barely miss something. Something hits you but does no damage.
Hop to where?
Press: ? - help, Dir - move target Boing! ๐Ÿ˜ฎ HP[+1]
An orc wizard appears from thin air!
Reactivating autopickup. ๐Ÿ˜• HP[+1] ๐Ÿ˜• MP[+1]
Casting: Searing Ray (safe; 4% risk of failure)
Confirm with . or Enter, or press ? or * to list all spells.
Aiming: Searing Ray (safe; 4% risk of failure)
Press: ? - help, Shift-Dir - straight line The searing ray hits the orc wizard! (Press . to maintain the ray.) ๐Ÿ˜• MP[-2]
You lost 2 mp, and now have 1/10 mp.
The searing ray hits the orc wizard.
The orc wizard hits you with a +0 dagger. ๐Ÿ˜ฎ HP[-1] MP[-1]
You take 1 damage, and now have 26/35 hp.
You lost 1 mp, and now have 0/10 mp.
You barely miss the orc wizard.
The orc wizard hits you with a +0 dagger.
The orc wizard gestures at you while chanting.
You are confused. ๐Ÿ˜ฎ HP[-3]
You take 3 damage, and now have 23/35 hp.
You bump into the rock wall.
The orc wizard hits you but does no damage.
The orc wizard hits you with a +0 dagger. ๐Ÿ˜ฎ HP[-4]
You take 4 damage, and now have 19/35 hp.
The orc wizard gestures wildly while chanting.
The orc wizard flickers and vanishes!
Deactivating autopickup; reactivate with Ctrl-A. ๐Ÿ˜ฎ HP[+1]
Something hits you but does no damage. ๐Ÿ˜ฎ MP[+1]
You feel less confused. Something hits you.
You hear some strange, mumbled words.
You are confused.
You see here a stone {throwing}. ๐Ÿ˜ฎ HP[-1] MP[-1]
You take 1 damage, and now have 19/35 hp.
You lost 1 mp, and now have 0/10 mp.
Something hits you but does no damage.
You're too confused to move!
You hear some strange, mumbled words.
A puff of flame appears from out of thin air!
The puff of flame hits you!
* * * LOW HITPOINT WARNING * * *
๐Ÿ˜จ HP[-8]
You take 8 damage, and now have 11/35 hp.
MASSIVE DAMAGE!! (PAUSE)
Something hits you but does no damage.
Unknown command.
You're too confused to move!
Something hits you.
* * * LOW HITPOINT WARNING * * *
You're too confused to move!
Something hits you.
* * * LOW HITPOINT WARNING * * *
๐Ÿ˜จ HP[-2] MP[+1]
You take 2 damage, and now have 9/35 hp.
Unknown command.
You feel less confused.
Unknown command.
Something hits you.
* * * LOW HITPOINT WARNING * * *
You hear some strange, mumbled words.
A puff of flame appears from out of thin air!
The puff of flame hits you.
* * * LOW HITPOINT WARNING * * *
๐Ÿ˜ฑ HP[-6] MP[-1]
You take 6 damage, and now have 3/35 hp.
You lost 1 mp, and now have 0/10 mp.
Really read
c - 3 scrolls of blinking {!r}?
Blink to where?
Press: ? - help, Dir - move target
As you read the scroll of blinking {!r}, it crumbles to dust.
A puff of flame appears from out of thin air!
The puff of flame hits you!
You die...

Skill      XL: |  1  2  3  4 |
---------------+-------------+-----
Spellcasting   | 2 3 |  3.7
Conjurations   | 3 4 |  4.5
Staves         | |  3.2
Throwing       | |  1.0
Dodging        | |  2.1
Evocations     | |  1.1

Action                   |  1- 3 |  4- 6 || total
-------------------------+-------+-------++-------
Melee: Quarterstaff      |    70 |    35 ||   105
 Cast: Searing Ray       |     4 |    11 ||    15
 Abil: Hop               |     1 |     2 ||     3
  Use: Scroll            |       |     1 ||     1
 Stab: Sleeping          |     1 |     1 ||     2
Armor: Robe              |    10 |    20 ||    30
Dodge: Dodged            |    40 |    26 ||    66

Levels and vault maps discovered:
D:1:      dpeg_arrival_windows_large_door, layout_loops_ring
D:2:      layout_rooms, fountainhead
D:3:      layout_loops_cross, minmay_vboxes

Notes
Turn   | Place    | Note
-------+----------+-------------------------------------------
     0 | D:1      | MackTheKnife the Barachi Wanderer began the quest for the
                  | Orb.
     0 | D:1      | MackTheKnife set off with the following items: a +0
                  | quarterstaff {staff}, a +0 helmet, a scroll of blinking
                  | {!r}, a +0 robe; and the following spell memorised: Kiss of
                  | Death; and the following spells available to memorise:
                  | Searing Ray, Fulminant Prism.
     0 | D:1      | Reached XP level 1. HP: 13/13 MP: 2/2
     0 | D:1      | magus.rc [v1.9.6]
   166 | D:1      | Reached XP level 2. HP: 19/19 MP: 4/4
   169 | D:1      | Learned a level 2 spell: Searing Ray
   390 | D:1      | Reached skill level 2 in Spellcasting
   490 | D:1      | You pick up a book of Flames and begin reading...
   490 | D:1      | You add the spells Inner Flame, Sticky Flame and Flame Wave
                  | to your library.
   547 | D:1      | Reached skill level 3 in Conjurations
   704 | D:2      | Reached XP level 3. HP: 21/24 MP: 4/6
  1255 | D:2      | Reached XP level 4. HP: 30/30 MP: 2/8
  1708 | D:3      | Reached skill level 3 in Spellcasting
  1923 | D:3      | Reached skill level 4 in Conjurations
  1942 | D:3      | Noticed a scorpion
  2028 | D:3      | Killed a scorpion
  2029 | D:3      | Reached XP level 5. HP: 27/35 MP: 0/10
  2208 | D:3      | You pick up a book of the Tundra and begin reading...
  2208 | D:3      | You add the spells Hailstorm, Ice Form and Simulacrum to
                  | your library.
  2336 | D:3      | HP: 7/35 [something (2)]
  2336 | D:3      | HP: 3/35 [something/puff of flame (5)]
  2337 | D:3      | Killed from afar by an orc wizard

Vanquished Creatures
  A scorpion (D:3)
  3 gnolls (D:2)
  2 adders
  A dart slug (D:1)
  6 orcs (D:3)
  3 endoplasms
  3 giant cockroaches (D:3)
  6 goblins
  8 hobgoblins
  2 jackals (D:2)
  A quokka (D:1)
  7 ball pythons
  4 bats
  5 frilled lizards
  5 kobolds
  3 rats
60 creatures vanquished.

Table legend:
 A = Non-vault XP
 B = Vault XP
 C = Vault XP percentage of total XP
 D = Non-vault monster count
 E = Vault monster count
 F = Vault count percentage of total count
                 A         B        C        D         E       F
            +---------+---------+-------+---------+---------+-------
      Total |     153 |      93 |  37.8 |      54 |       6 |  10.0
            +---------+---------+-------+---------+---------+-------
        D:1 |      31 |       0 |   0.0 |      19 |       0 |   0.0
        D:2 |      74 |       0 |   0.0 |      14 |       0 |   0.0
        D:3 |      48 |      93 |  66.0 |      21 |       6 |  22.2
            +---------+---------+-------+---------+---------+-------

Illustrated notes

Table legend:
 A = Kills in this place as a percentage of kills in entire the game.
 B = Kills by you in this place as a percentage of kills by you in the entire game.
 C = Kills by friends in this place as a percentage of kills by friends in the entire game.
 D = Other kills in this place as a percentage of other kills in the entire game.
 E = Experience gained in this place as a percentage of experience gained in the entire game.
 F = Experience gained in this place divided by the number of levels of this place that you have seen.
                   A       B       C       D       E      F
               +-------+-------+-------+-------+-------+----------------------
         Total | 100.0 | 100.0 |   N/A |   N/A | 100.0 |  82.0
       Dungeon | 100.0 | 100.0 |   N/A |   N/A | 100.0 |  82.0
               +-------+-------+-------+-------+-------+----------------------

Table legend: (Time is in decaauts)
 A = Elapsed time spent in this place.
 B = Non-inter-level travel time spent in this place.
 C = Inter-level travel time spent in this place.
 D = Time resting spent in this place.
 E = Time spent auto-exploring this place.
 F = Levels seen in this place.
 G = Mean time per level.
                   A        B        C        D        E       F      G
               +--------+--------+--------+--------+--------+-----+--------+
         Total |   2651 |   2570 |     81 |    340 |   1715 |   3 |  883.7 |
       Dungeon |   2651 |   2570 |     81 |    340 |   1715 |   3 |  883.7 |
               +--------+--------+--------+--------+--------+-----+--------+

Top non-repeatable levels by time:
     D:3: 919 daAuts
     D:1: 873 daAuts
     D:2: 858 daAuts
